 Dungeon Crawl Stone Soup version 0.32-a0-975-g85d4e5bfdb (webtiles) character file.

Game seed: 10768240532945211340

632 retardedninja the Trooper (level 7, 0/63 HPs)
             Began as a Mountain Dwarf Fighter on Apr 18, 2024.
             Killed by divine providence
             ... invoked by an orc priest
              (11 damage)
             ... on level 5 of the Dungeon.
             The game lasted 00:06:30 (4333 turns).

retardedninja the Trooper (Mountain Dwarf Fighter)  Turns: 4333, Time: 00:06:32

Health: 0/63       AC: 12    Str: 20    XL:     7   Next: 24%
Magic:  7/7        EV:  6    Int:  9    God:
Gold:   162        SH:  4    Dex:  9    Spells: 6/6 levels left

rFire   + . .        a - +0 war axe
rCold   . . .        c - +0 buckler
rNeg    . . .        m - +2 chain mail {rPois}
rPois   +            k - +0 helmet
rElec   .            (no cloak)
rCorr   .            (no gloves)
SInv    .            (no boots)
Will    .....        (no amulet) Stlth
                     g - ring of protection from fire
HPRegen 0.30/turn    (no ring)
MPRegen 0.10/turn

%: no passive effects
@: mighty, lethally poisoned (0 -> -9), marked, hasted, very quick
A: runic magic, artefact enchanting
a: Convert to Beogh


You were on level 5 of the Dungeon.
You visited 1 branch of the dungeon, and saw 5 of its levels.

You collected 162 gold pieces.

Inventory:

Hand Weapons
 a - a +0 war axe (weapon)
Armour
 c - a +0 buckler (worn)
 k - a +0 helmet (worn)
 m - a +2 chain mail of poison resistance (worn)
Jewellery
 f - a ring of positive energy
 g - a ring of protection from fire (left hand)
Scrolls
 b - 2 scrolls of silence {unknown}
 e - a scroll of butterflies {unknown}
 i - 2 scrolls of vulnerability {unknown}
 j - a scroll of fog {unknown}
 l - a scroll of noise {unknown}
 n - 2 scrolls of teleportation {unknown}
 q - a scroll of acquirement {unknown}
 s - 3 scrolls of immolation {unknown}
 v - a scroll of revelation {unknown}
Potions
 d - a potion of might
 h - a potion of invisibility {unknown}
 r - a potion of lignification {unknown}
 t - a potion of mutation
 u - 3 potions of attraction
 w - a potion of brilliance {unknown}
 x - 2 potions of heal wounds {unknown}


   Skills:
 * Level 6.0 Fighting
 * Level 5.9 Axes
 + Level 4.7 Armour
 + Level 4.7 Shields


You had 6 spell levels left.
You didn't know any spells.
Your spell library contained the following spells:

 Spells                   Type           Power      Damage    Failure   Level
 Apportation              Tloc           0%         N/A       63%         1
 Freeze                   Ice            0%         1d3       63%         1
 Jinxbite                 Hex            0%         N/A       77%         2
 Frozen Ramparts          Ice            0%         1d1       94%         3
 Hailstorm                Conj/Ice       0%         3d5       94%         3
 Alistair's Intoxication  Alch           0%         N/A       100%        5


Dungeon Overview and Level Annotations

Branches:
Dungeon (5/15)
 Temple: D:4-7

Altars:
Makhleb
Wu Jian

Shops:
D:1 !   D:3 ?

Annotations:
D:5 Menkaure, Prince Ribbit


Innate Abilities, Weirdness & Mutations

Your spellcasting is much less encumbered by armour.
You can use scrolls of enchantment on lesser artefacts.


Message History

You hit the hornet.
The hornet is lightly wounded.
You barely miss the scorpion. The scorpion stings you.
You block the hornet's attack.
A phantom comes into view.
The orc priest threatens, "Beogh's wrath is as vast as their mercy.
Make your choice!"
You hit the hornet but do no damage.
The hornet is lightly wounded.
You slash the scorpion!
You kill the scorpion!
The hornet stings you but does no damage.
Your Fighting skill increases to level 6!
You closely miss the hornet.
The hornet is lightly wounded.
You block the hornet's attack.
Menkaure, Prince of Dust comes into view.
You barely miss the hornet.
The hornet is lightly wounded.
You hit the orc priest but do no damage.
The hornet stings you! You block the orc priest's attack.
An orc comes into view. It is wielding a +0 mace.
Menkaure rustles drily.
You barely miss the hornet.
The hornet is lightly wounded.
You barely miss the orc priest. The hornet barely misses you.
The orc priest hits you but does no damage.
You block the hornet's attack.
You barely miss the hornet.
The hornet is lightly wounded.
You barely miss the orc priest. The hornet stings you!
* * * LOW HITPOINT WARNING * * *
You are poisoned.
The orc priest shouts, "The Pantheon deserves no one's loyalty.
Let us show you the true path!"
It was a potion of magic.
Magic courses through your body.
* * * LOW HITPOINT WARNING * * *
You feel very sick.
Prince Ribbit blinks!
The orc priest mumbles some strange prayers to Beogh against you.
Beogh smites you!
You die...

## ... #.) #.# #.# #.#
#####.#
#§########M....####
#oooo@yW...##>....# #
#######w.####.###.####
#..†..#.#.......
##.##.#.#....... #.#
#.#....... ..#
#......... .##
###....... # #
#....... #.#.......


You could see a hornet, a phantom, Menkaure, a ribbon worm, an orc priest, an
orc wizard and 2 orcs.

Vanquished Creatures
  An ice beast (D:4)
  A bullfrog (D:4)
  A scorpion (D:5)
  2 hounds (D:4)
  2 orc priests (D:4)
  Terence (D:2)
  3 orc wizards (D:4)
  6 gnolls
  4 adders
  3 dart slugs
  15 orcs
  9 ball pythons
  3 bats
  5 endoplasms
  3 giant cockroaches
  4 goblins
  8 hobgoblins
  5 jackals
  6 kobolds
  3 quokkas
  3 frilled lizards (D:1)
  7 rats
95 creatures vanquished.

Notes
Turn   | Place    | Note
-------+----------+-------------------------------------------
     0 | D:1      | retardedninja the Mountain Dwarf Fighter began the quest
                  | for the Orb.
     0 | D:1      | Reached XP level 1. HP: 19/19 MP: 1/1
   130 | D:1      | Reached XP level 2. HP: 18/26 MP: 2/2
   389 | D:1      | Found Hulipro's Distillery.
   477 | D:1      | Reached XP level 3. HP: 32/33 MP: 3/3
   734 | D:2      | Noticed Terence
   745 | D:2      | Killed Terence
   746 | D:2      | Reached skill level 4 in Fighting
   843 | D:1      | Reached XP level 4. HP: 22/40 MP: 4/4
  1718 | D:3      | Found Lirghawo's Magic Scroll Emporium.
  1876 | D:3      | Reached XP level 5. HP: 44/47 MP: 5/5
  2413 | D:3      | Found a burning altar of Makhleb.
  2413 | D:3      | Noticed a cacodemon
  2497 | D:3      | Noticed a neqoxec
  2497 | D:3      | Noticed a neqoxec
  2781 | D:3      | Found an ornate altar of the Wu Jian Council.
  3206 | D:4      | Reached skill level 5 in Fighting
  3249 | D:4      | Identified the +2 ring mail "Qanturoa" {rN+}
  3277 | D:4      | Reached XP level 6. HP: 48/56 MP: 6/6
  3391 | D:4      | Reached skill level 5 in Axes
  3617 | D:4      | Noticed an ice beast
  3633 | D:4      | Killed an ice beast
  4147 | D:4      | Reached XP level 7. HP: 54/62 MP: 7/7
  4275 | D:5      | Entered Level 5 of the Dungeon
  4316 | D:5      | Noticed a hornet
  4316 | D:5      | Noticed Prince Ribbit
  4329 | D:5      | Reached skill level 6 in Fighting
  4329 | D:5      | Noticed Menkaure
  4333 | D:5      | Killed from afar by an orc priest

Illustrated notes

Levels and vault maps discovered:
D:1:      evilmike_arrival_fibonacci_small, layout_loops_ring, serial_shops,
          nicolae_shop_statue_plus, minmay_tetromino_s2
D:2:      layout_loops_cross, uniq_terence
D:3:      layout_loops_ring, pdpol_wu_jian_five_deadly_venoms,
          makhleb_altar_promises_db, serial_shops, shop,
          kennysheep_generic_room_14
D:4:      layout_gridville
D:5:      layout_basic, minmay_temple_entry_drinking_statues,
          kennysheep_generic_room_7, uniq_menkaure, uniq_prince_ribbit1

Skill      XL: |  1  2  3  4  5  6  7 |
---------------+----------------------+-----
Axes           | 3 4 5 |  5.9
Fighting       | 4 5 6 |  6.0
Armour         | 4 |  4.7
Shields        | 4 |  4.7

Action                     |  1- 3 |  4- 6 |  7- 9 || total
---------------------------+-------+-------+-------++-------
  Melee: War axe           |    88 |   213 |    14 ||   315
    Use: Potion            |       |     2 |     3 ||     5
         Scroll            |       |       |     3 ||     3
 Armour: Scale mail        |    61 |       |       ||    61
         Chain mail        |    18 |   227 |    21 ||   266
  Dodge: Dodged            |    34 |    82 |     4 ||   120
  Block: Buckler           |    20 |    56 |     8 ||    84

Table legend: (Time is in decaauts)
 A = Elapsed time spent in this place.
 B = Non-inter-level travel time spent in this place.
 C = Inter-level travel time spent in this place.
 D = Time resting spent in this place.
 E = Time spent auto-exploring this place.
 F = Levels seen in this place.
 G = Mean time per level.
                   A        B        C        D        E       F      G
               +--------+--------+--------+--------+--------+-----+--------+
         Total |   4432 |   4279 |    153 |    618 |   2864 |   5 |  886.4 |
       Dungeon |   4432 |   4279 |    153 |    618 |   2864 |   5 |  886.4 |
               +--------+--------+--------+--------+--------+-----+--------+

Top non-repeatable levels by time:
     D:4: 1460 daAuts
     D:3: 1152 daAuts
     D:1: 1101 daAuts
     D:2: 661 daAuts
     D:5: 57 daAuts
